 Dungeon Crawl Stone Soup version 0.30-a0-953-g5f1da4a474 (webtiles) character file.

Game seed: 7990489532943105414

26 Sobieck the Chiller (level 2, -2/19 HPs)
             Began as a Mummy Ice Elementalist on Mar 28, 2023.
             Slain by Natasha (6 damage)
             ... on level 2 of the Dungeon.
             The game lasted 00:02:33 (753 turns).

Sobieck the Chiller (Mummy Ice Elementalist)         Turns: 753, Time: 00:02:33

Health: -2/19      AC:  2    Str: 11    XL:     2   Next: 89%
Magic:  0/6        EV: 12    Int: 14    God:
Gold:   38         SH:  0    Dex: 12    Spells: 7/8 levels left

rFire   x . .      SeeInvis .    d - +0 rapier {short}
rCold   + . .      Faith    +    (no shield)
rNeg    + + +      Spirit   .    a - +0 robe
rPois   ∞          Reflect  .    (no helmet)
rElec   .          Rampage  .    (no cloak)
rCorr   .                        (no gloves)
Will    .....                    (no boots)
Stlth   ++                       (no amulet)
HPRegen 0.23/turn                (no ring)
MPRegen 0.10/turn                (no ring)

@: no status effects
A: cold resistance 1, negative energy resistance 3, torment resistance 2, heat
vulnerability 1, no potions, faith
a: no special abilities


You were on level 2 of the Dungeon.
You visited 1 branch of the dungeon, and saw 2 of its levels.

You collected 38 gold pieces.


Innate Abilities, Weirdness & Mutations

You are immune to poison.
Your flesh is cold resistant. (rC+)
You are immune to negative energy. (rN+++)
You are immune to unholy pain and torment.
You are vulnerable to heat. (rF-)
You do not drink.
You have a special connection with the divine. (Faith)


   Skills:
 - Level 1.5 Dodging
 - Level 1.5 Stealth
 + Level 3.6 Spellcasting
 + Level 3.7 Ice Magic


You had 7 spell levels left.
You knew the following spells:

 Your Spells              Type           Power      Damage    Failure   Level
a - Freeze                Ice            48%        1d6       4%          1

Your spell library contained the following spells:

 Spells                   Type           Power      Damage    Failure   Level
 Frozen Ramparts          Ice            24%        1d4       13%         3
 Ozocubu's Armour         Ice            12%        N/A       13%         3
 Summon Ice Beast         Ice/Summ       7%         N/A       67%         4

Inventory:

Hand Weapons
 d - a +0 rapier (weapon) {short}
   (You found it on level 1 of the Dungeon)
Missiles
 i - 5 stones {throwing}
Armour
 a - a +0 robe (worn)
 h - a +0 chain mail
   (You found it on level 1 of the Dungeon)
Scrolls
 b - 2 scrolls of amnesia {unknown}
 c - a scroll of noise {unknown}
 e - a scroll of teleportation {unknown}
 f - a scroll of enchant armour {unknown}
 g - a scroll of butterflies {unknown}
 j - a scroll of fog {unknown}

Dungeon Overview and Level Annotations

Branches:
Dungeon (2/15) Zot: 11243

Altars:

Annotations:
D:2 Natasha .... ##..##.##..#.# #w.# #..>##.##<#..# #..# #..........#.# . .rg

#...##.##....##.... # ##.#
##..##.............
##.#.#..#####........###.#....
.........rw..>...#............
###..##..####h###.#.####.####.
# #....5.@....#.# ##
##......###.... #..#####
#..... #..# ##...## #..# ##.##
#..# #..# ....


You could see Natasha and a crimson imp (summoned).


Message History

Unknown command.
You see here a +0 club {mace}.
There is a stone staircase leading down here.
h - a +0 chain mail A hobgoblin comes into view.
Danger!
The hobgoblin shouts!
You freeze the hobgoblin.
The hobgoblin hits you but does no damage.
You freeze the hobgoblin. The hobgoblin hits you.
You freeze the hobgoblin.
You kill the hobgoblin!
i - 5 stones {throwing}
Found a stone staircase leading down.
Found a stone staircase leading down.
Done exploring.
Done exploring.
Done exploring.
(D) Dungeon
Where to? (? - help)
There is a stone staircase leading down here.
You climb downwards.
There is a stone staircase leading up here.
An adder is nearby!
Danger!
Unknown command.
The adder hisses angrily.
You freeze the adder. The adder bites you. The adder barely misses you.
You freeze the adder.
You kill the adder!
You climb upwards.
There is a stone staircase leading down here.
You climb downwards.
There is a stone staircase leading up here.
Unknown command.
A giant cockroach comes into view.
Found an escape hatch in the floor.
Danger!
You miscast Freeze.
You are very lightly contaminated with residual magic.
Nothing appears to happen.
The giant cockroach bites you but does no damage.
You freeze the giant cockroach.
You kill the giant cockroach!
You can't see any susceptible monsters within range! (Use Z to cast anyway.)
Your magical contamination has completely faded away.
Found a stone staircase leading down.
Unknown command.
Found a stone staircase leading up.
j - a scroll labelled IRISHUSAPIEL
There is a stone staircase leading down here.
Natasha, Servant of Life and Death comes into view.
Danger!
A bat comes into view.
A worm, a hobgoblin and a rat come into view.
The bat completely misses you.
You closely miss the bat. The bat hits you but does no damage.
You can't see any susceptible monsters within range! (Use Z to cast anyway.) Unknown command.
The bat misses you. The bat attacks as you move away!
The bat barely misses you. The bat misses you.
Unknown command.
The bat hits you but does no damage.
Natasha mumbles some strange words.
The bat barely misses you. The bat hits you but does no damage.
Unknown command.
You freeze the bat!
You kill the bat!
You freeze Natasha.
Natasha extends her claws.
Natasha closely misses you.
Unknown command.
You freeze Natasha. Natasha claws you.
You freeze Natasha.
Natasha drinks a potion.
Natasha is healed!
You freeze Natasha. Natasha misses you.
You freeze Natasha. Natasha closely misses you.
The crimson imp blinks!
Unknown command.
Unknown command.
You hit Natasha. Natasha closely misses you.
You closely miss Natasha. Natasha claws you!
* * * LOW HITPOINT WARNING * * *
Natasha closely misses you.
Unknown command.
You hit Natasha. Natasha claws you but does no damage.
Unknown command.
You barely miss Natasha. Natasha closely misses you.
Unknown command.
Casting: Freeze (safe; 4% risk of failure)
Confirm with . or Enter, or press ? or * to list all spells.
Aiming: Freeze (safe; 4% risk of failure)
Press: ? - help, Shift-Dir - straight line, f/p - Natasha
Aim: Natasha (severely wounded)
You freeze Natasha. Natasha completely misses you.
Unknown command.
Natasha attacks as you move away! Natasha claws you!
* * * LOW HITPOINT WARNING * * *
Natasha claws you.
You die...

Skill      XL: |  1 |
---------------+----+-----
Spellcasting   | 3 |  3.6
Dodging        | |  1.5
Stealth        | |  1.5
Ice Magic      | |  3.7

Action                     || total
---------------------------++-------
  Melee: Rapier            ||    11
   Cast: Freeze            ||    32
 Armour: Robe              ||     9
  Dodge: Dodged            ||    32

Levels and vault maps discovered:
D:1:      eino_arrival_cavern_a, layout_rooms
D:2:      layout_loops_ring, hellmonk_ecumenical_altar_run_dry, uniq_natasha

Notes
Turn   | Place    | Note
-------+----------+-------------------------------------------
     0 | D:1      | Sobieck the Mummy Ice Elementalist began the quest for the
                  | Orb.
     0 | D:1      | Reached XP level 1. HP: 13/13 MP: 4/4
   181 | D:1      | Reached skill level 3 in Spellcasting
   403 | D:1      | Reached XP level 2. HP: 19/19 MP: 4/6
   728 | D:2      | Noticed Natasha
   739 | D:2      | Noticed a crimson imp
   751 | D:2      | HP: 3/19 [Natasha (7)]
   753 | D:2      | Slain by Natasha

Vanquished Creatures
  An adder (D:2)
  3 bats
  An endoplasm (D:1)
  A giant cockroach (D:2)
  3 goblins (D:1)
  4 hobgoblins (D:1)
  A quokka (D:1)
14 creatures vanquished.

Table legend:
 A = Non-vault XP
 B = Vault XP
 C = Vault XP percentage of total XP
 D = Non-vault monster count
 E = Vault monster count
 F = Vault count percentage of total count
                 A         B        C        D         E       F
            +---------+---------+-------+---------+---------+-------
      Total |      38 |       0 |   0.0 |      14 |       0 |   0.0
            +---------+---------+-------+---------+---------+-------
        D:1 |      21 |       0 |   0.0 |      11 |       0 |   0.0
        D:2 |      17 |       0 |   0.0 |       3 |       0 |   0.0
            +---------+---------+-------+---------+---------+-------

Illustrated notes

Table legend:
 A = Kills in this place as a percentage of kills in the entire game.
 B = Kills by you in this place as a percentage of kills by you in the entire game.
 C = Kills by friends in this place as a percentage of kills by friends in the entire game.
 D = Other kills in this place as a percentage of other kills in the entire game.
 E = Experience gained in this place as a percentage of experience gained in the entire game.
 F = Experience gained in this place divided by the number of levels of this place that you have seen.
                   A       B       C       D       E      F
               +-------+-------+-------+-------+-------+----------------------
         Total | 100.0 | 100.0 |   N/A |   N/A | 100.0 |  19.0
       Dungeon | 100.0 | 100.0 |   N/A |   N/A | 100.0 |  19.0
               +-------+-------+-------+-------+-------+----------------------

Table legend: (Time is in decaauts)
 A = Elapsed time spent in this place.
 B = Non-inter-level travel time spent in this place.
 C = Inter-level travel time spent in this place.
 D = Time resting spent in this place.
 E = Time spent auto-exploring this place.
 F = Levels seen in this place.
 G = Mean time per level.
                   A        B        C        D        E       F      G
               +--------+--------+--------+--------+--------+-----+--------+
         Total |    755 |    750 |      5 |     97 |    516 |   2 |  377.5 |
       Dungeon |    755 |    750 |      5 |     97 |    516 |   2 |  377.5 |
               +--------+--------+--------+--------+--------+-----+--------+

Top non-repeatable levels by time:
     D:1: 660 daAuts
     D:2: 95 daAuts
